 Dungeon Sprint DCSS version 0.20.1-1-g8b1a95d (webtiles) character file.

60 suicidejoker the Covert (level 4, -8/31 HPs)
             Began as an Octopode Assassin on Aug 24, 2017.
             Killed from afar by an oklob sapling priest (13 damage)
             ... with a splash of acid
             ... in the Dungeon (Sprint IV: "Fedhas' Mad Dash").
             The game lasted 00:00:48 (66 turns).

suicidejoker the Covert (Octopode Assassin)           Turns: 66, Time: 00:00:49

Health: -8/31      AC:  1    Str: 11    XL:     4   Next: 4%
Magic:  2/4        EV: 14    Int: 13    God:
Gold:   43         SH:  0    Dex: 13    Spells: 3/3 levels left

rFire    . . .     SeeInvis .   a - +2 dagger
rCold    . . .     Gourm    .   (no shield)
rNeg     . . .     Faith    .   (helmet restricted)
rPois    .         Spirit   .   l - amulet of invisibility {+Inv}
rElec    .         Reflect  .   (no ring)
rCorr    .         Harm     .   (no ring)
MR       .....     NoTele   +   (no ring)
Stlth    +++++.....             (no ring)
Regen    0.1/turn               (no ring)
MPRegen  0.1/turn               (no ring)
                                (no ring)
                                (no ring)

@: very slightly contaminated, invisible
A: almost no armour, stealthy swim, amphibious, 8 rings, constrict 8, camouflage
1, gelatinous body 1
a: no special abilities


You were in the Dungeon.
You were not hungry.

You visited 1 branch You collected 43 gold pieces.

Inventory:

Hand Weapons
 a - a +2 dagger (weapon)
 b - a +0 blowgun
Missiles
 c - 8 poisoned needles
 d - 2 curare-tipped needles
Jewellery
 l - the amulet of invisibility (around mantle) {+Inv}
   (You found it in the Dungeon)

   [amulet of nothing]

   It lets you turn invisible.
Scrolls
 k - a scroll of blinking
Potions
 e - a potion of curing
 g - a potion of heal wounds
 h - a potion of haste
 i - 2 potions of magic
 j - a potion of berserk rage
 m - a potion of invisibility {unknown}
Comestibles
 f - a bread ration


   Skills:
 + Level 3.5 Fighting
 * Level 4.6 Short Blades
 - Level 2.0 Throwing
 + Level 3.2 Dodging
 * Level 8.1 Stealth
 * Level 0.0 Evocations


You had 3 spell levels left.
You didn't know any spells.

Dungeon Overview and Level Annotations

Branches:
Dungeon (1/1)

Altars:
Cheibriados
Dithmenos
Elyvilon
Gozag
Hepliaklqana
Kikubaaqudgha
Makhleb
Nemelex Xobeh
Okawaru
Qazlal
Ru
Sif Muna
Trog
Uskayaw
Vehumet
Xom
Yredelemnul
Zin
The Shining One
Beogh
Jiyva
Lugonu

Annotations:
D exclusion: oklob sapling


Innate Abilities, Weirdness & Mutations

You cannot wear most types of armour.
You are very stealthy in the water. (Stealth+)
You are amphibious.
You can wear up to eight rings at the same time.
You can use your tentacles to constrict eight enemies at once.
Your skin changes colour to match your surroundings (Stealth+).
Your rubbery body absorbs attacks. (AC +1, EV +1)


Message History

Found a radiant altar of Vehumet and a corrupted altar of Lugonu.
There is a burning altar of Makhleb here.
There is a hazy altar of Hepliaklqana here.
There is a viscous altar of Jiyva here.
You hit the oklob sapling priest but do no damage.
You grab the oklob sapling priest.
You constrict the oklob sapling priest, but do no damage.
You release your grip on the oklob sapling priest.
The oklob sapling priest spits acid at you.
The splash of acid misses you.
There is an iron altar of Okawaru here.
You completely miss the oklob sapling priest.
You grab the oklob sapling priest.
You squeeze the oklob sapling priest, but do no damage.
You constrict the oklob sapling priest, but do no damage.
You hit the oklob sapling priest but do no damage.
You constrict the oklob sapling priest, but do no damage.
The oklob sapling priest spits acid at you.
The splash of acid hits you!
You die...

#######################
.†#.....#.⌠._._._._.⌠.#
..'.#.(.'.._._._._._..+
..#.#†..#..._._P@._...#
######+##.._._._._._..#
#..._._._._.⌠.#
###############


You could see an oklob sapling priest.

Vanquished Creatures
  An oklob sapling (D)
  A worker ant (D)
  A river rat (D)
  A rat (D)
4 creatures vanquished.

Notes
Turn   | Place    | Note
-------+----------+-------------------------------------------
     0 | D        | suicidejoker the Octopode Assassin began the quest for the Orb.
     0 | D        | Reached XP level 1. HP: 14/14 MP: 1/1
     8 | D        | Reached skill level 6 in Stealth
     8 | D        | Reached XP level 2. HP: 20/20 MP: 2/2
    19 | D        | Noticed an oklob sapling
    31 | D        | Killed an oklob sapling
    31 | D        | Reached skill level 7 in Stealth
    31 | D        | Reached XP level 3. HP: 26/26 MP: 3/3
    35 | D        | Reached skill level 8 in Stealth
    35 | D        | Reached XP level 4. HP: 31/31 MP: 4/4
    51 | D        | Found an opulent altar of Gozag.
    51 | D        | Found a hazy altar of Hepliaklqana.
    51 | D        | Found a burning altar of Makhleb.
    51 | D        | Found a roughly hewn altar of Beogh.
    51 | D        | Found a sparkling altar of Nemelex Xobeh.
    51 | D        | Found a snail-covered altar of Cheibriados.
    51 | D        | Found a sacrificial altar of Ru.
    51 | D        | Found a deep blue altar of Sif Muna.
    51 | D        | Found a shimmering altar of Xom.
    51 | D        | Found a basalt altar of Yredelemnul.
    52 | D        | Found a viscous altar of Jiyva.
    52 | D        | Found a bloodstained altar of Trog.
    52 | D        | Noticed an oklob sapling priest
    53 | D        | Found an iron altar of Okawaru.
    53 | D        | Found a shadowy altar of Dithmenos.
    53 | D        | Found a glowing silver altar of Zin.
    54 | D        | Found a hide-covered altar of Uskayaw.
    54 | D        | Found an ancient bone altar of Kikubaaqudgha.
    55 | D        | Found a glowing golden altar of the Shining One.
    55 | D        | Found a stormy altar of Qazlal.
    55 | D        | Found a white marble altar of Elyvilon.
    59 | D        | Found a radiant altar of Vehumet.
    59 | D        | Found a corrupted altar of Lugonu.
    66 | D        | Killed from afar by an oklob sapling priest

Skill      XL: |  1  2  3 |
---------------+----------+-----
Short Blades   | 3 4 |  4.6
Dodging        | 2 3 |  3.2
Stealth        | 6 7 8 |  8.1
Fighting       | 3 |  3.5
Throwing       | |  2.0

Action                   |  1- 3 |  4- 6 || total
-------------------------+-------+-------++-------
Melee: Dagger            |    14 |     3 ||    17
       Tentacles         |     4 |     1 ||     5
       Constrict         |     1 |     2 ||     3
 Abil: Evoke Invisibilit |       |     1 ||     1
 Stab: Sleeping          |     2 |       ||     2
Dodge: Dodged            |     1 |     2 ||     3
